 Dungeon Crawl Stone Soup version 0.19.0-24-gb05acd6 (console) character file.

34528 Kloppie the Severer (level 13, 0/74 HPs)
             Began as a Demonspawn Berserker on Nov 22, 2016.
             Was an Elder of Trog.
             Slain by a large abomination (9 damage)
             ... on level 1 of the Abyss.
             The game lasted 00:27:23 (16678 turns).

Kloppie the Severer (Demonspawn Berserker)         Turns: 16678, Time: 00:27:23

Health: 0/74       AC: 35    Str: 18      XL:     13   Next: 42%
Magic:  11/11      EV:  8    Int:  8      God:    Trog [****..]
Gold:   783        SH:  0    Dex: 19 (20) Spells: 0 memorised, 12 levels left

rFire  . . .     SeeInvis +     a - +2 battleaxe (venom)
rCold  + . .     Gourm    .     s - +9 chain mail of Lyugesa {Dex+2}
rNeg   + + .     Faith    .     (shield currently unavailable)
rPois  +         Spirit   .     (helmet unavailable)
rElec  .         Reflect  .     (no cloak)
rCorr  .         Harm     .     N - +1 pair of gloves
MR     .....     Rnd*Tele +     r - +0 pair of boots
Stlth  ..........               (no amulet)
                                G - ring of poison resistance
                                D - ring of positive energy

@: sanguine armour
A: antennae 3, cold resistance 1, demonic guardian 2, deterioration 2, frail 3,
low mp 1, negative energy resistance 1, teleportitis 1, subdued magic 2,
MP-powered wands, sanguine armour 3
a: Berserk, Trog's Hand, Brothers in Arms, Burn Spellbooks, Renounce Religion


You were on level 1 of the Abyss.
You worshipped Trog.
Trog was greatly pleased with you.
You were very hungry.

You visited 2 branches of the dungeon, and saw 14 of its levels.
You visited the Abyss 1 time.

You collected 1039 gold pieces.
You spent 256 gold pieces at shops.

Inventory:

Hand Weapons
 a - a +2 battleaxe of venom (weapon)
 b - a +1 flail of draining
 v - a +5 antimagic executioner's axe
 R - a +1 executioner's axe of electrocution
Armour
 r - a +0 pair of boots (worn)
 s - the +9 chain mail of Lyugesa (worn) {Dex+2}
   (You bought it in a shop on level 10 of the Dungeon)

   It affects your dexterity (+2).
 N - a +1 pair of gloves (worn)
 S - the +4 scale mail "Demm" {Str+7}
   (You found it on level 1 of the Abyss)

   It affects your strength (+7).
Jewellery
 l - a +5 ring of strength
 y - an uncursed ring of stealth
 z - an uncursed ring of stealth
 D - a ring of positive energy (left hand)
 G - a ring of poison resistance (right hand)
 P - an uncursed ring of positive energy
Wands
 f - a wand of enslavement (23/24)
 k - a wand of teleportation (2/9)
 o - a wand of slowing (14/48)
 F - a wand of lightning (9/15)
 I - a wand of lightning (8/15)
 L - a wand of iceblast (3/15)
 M - a wand of slowing (23/48)
 O - a wand of iceblast (12/15)
 Q - a wand of disintegration (13/24)
Scrolls
 e - a scroll of vulnerability {unknown}
 n - 3 scrolls of enchant weapon
 p - a scroll of brand weapon
 t - 4 scrolls of magic mapping
 w - 10 scrolls of remove curse
 x - 3 scrolls of fog
 C - 4 scrolls of recharging
 H - 2 scrolls of identify
 J - a scroll of enchant armour {unknown}
Potions
 d - 3 potions of curing
 g - 4 potions of agility
 i - 3 potions of flight
 m - 2 potions of invisibility
 u - 5 potions of haste
 A - 2 potions of resistance
 B - 2 potions of brilliance
Books
 T - a book of Fire

   Spells                             Type                      Level
   a - Ignite Poison                  Fire/Transmutation/Poison    3
   b - Fireball                       Conjuration/Fire             5
   c - Bolt of Fire                   Conjuration/Fire             6
   d - Delayed Fireball               Conjuration/Fire             7
   e - Ring of Flames                 Charms/Fire                  7
   Trog disapproves of the use of such an item.
Comestibles
 c - 6 bread rations
 h - 21 fruits
 j - 5 beef jerkies
 q - 7 meat rations
 E - 18 royal jellies
 K - 2 slices of pizza


   Skills:
 + Level 11.1 Fighting
 - Level 16.4 Axes
 + Level 8.4 Armour
 - Level 1.7 Dodging


You had 12 spell levels left.
You didn't know any spells.

Dungeon Overview and Level Annotations

Branches:
Dungeon (10/15)            Temple (0/1) D:7            Lair (4/6) D:9
  Swamp (0/4) Lair:3        Snake (0/4) Lair:2
    Orc: D:9-12

Altars:
Ashenzari
Kikubaaqudgha
Okawaru
Qazlal
Sif Muna
Trog
Uskayaw
Xom
The Shining One

Shops:
D:10 [

Annotations:
Lair:4 Sonja


Innate Abilities, Weirdness & Mutations

You have a pair of large antennae on your head. (SInv)
Your flesh is cold resistant. (rC+)
A demonic guardian rushes to your aid.
You resist negative energy. (rN+)
When seriously injured, your bleeding wounds create very thick armour. (AC +12)
Your magical capacity is low. (-10% MP)
You are occasionally teleported next to monsters.
[Your body often deteriorates upon taking damage.]
[You are extremely frail. (-30% HP)]
[Your spells are easier to cast, but less powerful.]
[You expend magic power (3 MP) to strengthen your wands.]


Message History

A large abomination comes into view.
Your skin stops crawling.
You feel less resistant to hostile enchantments.
An ufetubus comes into view.
Your sixfirhy hits the ufetubus!
The ufetubus dies!
Trog accepts your kill.
The large abomination hits your sixfirhy!!
You swap places.
You slice the large abomination!!
The large abomination is moderately damaged.
The large abomination hits you!!
* * * LOW HITPOINT WARNING * * *
You hit the large abomination.
The large abomination is heavily damaged.
You slash the large abomination!
The large abomination is severely damaged.
Your sixfirhy disappears in a puff of smoke!
The large abomination hits you!
You die...

# . .....##
....# # . ....
. ##§..# # # #
##...###.#.# #
≈ .##..........
# . .....
#.##_### ## ...
..#..#.....#.#
##....#..#.#.#.
# # . .
#....X.###...
.. ...#.#.#@#.#
. . . .##
#.§##. v# #
#.#.# ..x. #
#.#.......#
..#..#.#.#
#..#...# .
..##..## .# ...
##.. .# .# ## .


You could see a large abomination.

Vanquished Creatures
  Gastronok (Lair:1)
  Josephine (Lair:4)
  A rakshasa (Abyss:1)
  Harold (Lair:1)
  Nergalle (Lair:4)
  A wretched star (Abyss:1)
  2 hill giants (D:10)
  A worldbinder (Abyss:1)
  2 elephants (Lair:4)
  4 black mambas
  A gargoyle (D:8)
  5 spiny frogs
  A komodo dragon (Lair:3)
  A troll (D:10)
  An ice devil (Abyss:1)
  A queen bee (Lair:2)
  3 blink frogs (Lair:1)
  A two-headed ogre (D:7)
  Prince Ribbit (Lair:1)
  4 hippogriffs
  A hornet (D:10)
  2 raiju (Abyss:1)
  A flying skull (Abyss:1)
  A ynoxinul (Abyss:1)
  A starcursed mass (Abyss:1)
  14 yaks
  4 wraiths (Lair:4)
  A neqoxec (Abyss:1)
  A large abomination (Abyss:1)
  The ghost of Zaque the Conjurer, an amateur DrCj of Jiyva (D:4)
  3 nagas (Lair:2)
  6 water moccasins
  A hell hound (D:9)
  6 porcupines
  3 black bears
  4 ice beasts
  2 small abominations (Abyss:1)
  4 orc warriors
  5 sky beasts
  An ice dragon simulacrum (Abyss:1)
  5 ogres
  6 wolves (Lair:1)
  A phantom (D:6)
  3 necrophages
  4 centaurs
  4 big kobolds
  4 crocodiles
  2 gnoll sergeants
  16 bullfrogs
  6 scorpions
  30 killer bees
  6 electric eels
  4 howler monkeys
  4 crimson imps
  A centaur zombie (D:7)
  A quasit (Abyss:1)
  2 bullfrog skeletons (D:8)
  4 hounds
  7 jellies
  6 orc priests
  7 hell rats (Lair:3)
  12 orc wizards
  7 worker ants
  2 iguanas
  2 killer bee zombies
  A hound skeleton (D:5)
  3 worker ant zombies
  11 gnolls
  17 adders
  2 shadow imps (D:8)
  A white imp (Abyss:1)
  6 oozes
  3 adder skeletons
  7 worms
  2 dart slugs (D:1)
  4 leopard geckos
  43 orcs
  4 giant cockroaches
  5 goblins
  6 hobgoblins
  7 jackals
  4 quokkas
  A ball python (D:6)
  4 bats
  6 frilled lizards
  A jackal zombie (D:8)
  21 kobolds
  11 rats
  2 fungi (Lair:2)
  2 plants
  2 starspawn tentacles (Abyss:1)
418 creatures vanquished.

Vanquished Creatures (collateral kills)
  Rupert (Lair:4)
  2 tentacled starspawn (Abyss:1)
  2 hydras
  A thrashing horror (Abyss:1)
  A sixfirhy (Abyss:1)
  A shadow wraith (Abyss:1)
  A spatial maelstrom (Abyss:1)
  A worldbinder (Abyss:1)
  2 elephants (Lair:4)
  A spiny frog (Lair:2)
  A komodo dragon (Lair:1)
  A blink frog (Lair:1)
  A large abomination (Abyss:1)
  4 starcursed masses (Abyss:1)
  3 yaks
  A neqoxec (Abyss:1)
  A water moccasin (D:9)
  A hell hound (D:9)
  A small abomination (Abyss:1)
  A hound (D:9)
  A jelly (D:9)
  An ufetubus (Abyss:1)
  A leopard gecko (D:10)
  2 starspawn tentacles (Abyss:1)
33 creatures vanquished.

Vanquished Creatures (others)
  A kobold (D:10)
  2 fungi (Lair:2)
  5 starspawn tentacles (Abyss:1)
8 creatures vanquished.

Grand Total: 459 creatures vanquished

Notes
Turn   | Place    | Note
-------+----------+-------------------------------------------
     0 | D:1      | Kloppie the Demonspawn Berserker began the quest for the Orb.
     0 | D:1      | Reached XP level 1. HP: 18/18 MP: 1/1
     6 | D:1      | Noticed a worker ant
     6 | D:1      | Noticed a swamp worm
     7 | D:1      | Noticed a hound
     7 | D:1      | Noticed a black bear
    86 | D:1      | Reached skill level 3 in Axes
    94 | D:1      | Gained mutation: When seriously injured, your bleeding wounds create armour. (AC +12) [demonic ancestry]
    94 | D:1      | Reached XP level 2. HP: 14/24 MP: 2/2
   650 | D:2      | Gained mutation: When seriously injured, your bleeding wounds create thick armour. (AC +12) [demonic ancestry]
   650 | D:2      | Reached XP level 3. HP: 10/29 MP: 3/3
  1139 | D:2      | Reached skill level 4 in Axes
  1427 | D:2      | Reached XP level 4. HP: 26/35 MP: 4/4
  1559 | D:2      | Reached ** piety under Trog
  1940 | D:3      | Gained mutation: When seriously injured, your bleeding wounds create very thick armour. (AC +12) [demonic ancestry]
  1940 | D:3      | Reached XP level 5. HP: 41/41 MP: 5/5
  2180 | D:3      | Found a bloodstained altar of Trog.
  2455 | D:3      | Reached skill level 5 in Axes
  3008 | D:4      | Gained mutation: You have a pair of small antennae on your head. [demonic ancestry]
  3008 | D:4      | Reached XP level 6. HP: 36/47 MP: 6/6
  3049 | D:4      | Noticed Zaque's ghost (amateur DrCj)
  3069 | D:4      | Killed Zaque's ghost
  3069 | D:4      | Reached skill level 6 in Axes
  3250 | D:4      | Reached XP level 7. HP: 38/52 MP: 7/7
  4088 | D:5      | Entered Level 5 of the Dungeon
  4184 | D:5      | Reached skill level 7 in Axes
  4587 | D:5      | Reached skill level 5 in Armour
  4587 | D:5      | Gained mutation: You have a pair of antennae on your head. [demonic ancestry]
  4587 | D:5      | Reached XP level 8. HP: 48/58 MP: 8/8
  5175 | D:5      | Found an ancient bone altar of Kikubaaqudgha.
  5269 | D:6      | Reached skill level 8 in Axes
  5520 | D:6      | Found Nuevat's Weapon Boutique.
  5590 | D:6      | Reached *** piety under Trog
  5733 | D:6      | Found a shimmering altar of Xom.
  6146 | D:6      | Reached skill level 9 in Axes
  6218 | D:7      | Gained mutation: You have a pair of large antennae on your head. (SInv) [demonic ancestry]
  6218 | D:7      | Reached XP level 9. HP: 39/66 MP: 9/9
  6522 | D:7      | Found an iron altar of Okawaru.
  6580 | D:7      | Reached skill level 5 in Fighting
  6692 | D:7      | Reached skill level 10 in Axes
  6794 | D:7      | Found a hide-covered altar of Uskayaw.
  6795 | D:7      | Found a deep blue altar of Sif Muna.
  6841 | D:7      | Reached **** piety under Trog
  6923 | D:7      | Found a staircase to the Ecumenical Temple.
  6991 | D:7      | Found a stormy altar of Qazlal.
  7328 | D:8      | Reached skill level 11 in Axes
  7342 | D:8      | Gained mutation: A weak demonic guardian rushes to your aid. [demonic ancestry]
  7342 | D:8      | Reached XP level 10. HP: 76/76 MP: 10/10
  7534 | D:8      | Found a glowing golden altar of the Shining One.
  7804 | D:8      | Noticed a gargoyle
  7814 | D:8      | Killed a gargoyle
  7937 | D:8      | Reached ***** piety under Trog
  8868 | D:9      | Found a staircase to the Lair.
  9288 | D:9      | Reached skill level 12 in Axes
  9908 | D:9      | Found a shattered altar of Ashenzari.
  9908 | D:9      | Found a faded altar of an unknown god.
  9913 | D:9      | Found a faded altar of an unknown god.
  9915 | D:9      | Found a faded altar of an unknown god.
  9917 | D:9      | Found a faded altar of an unknown god.
 10347 | D:10     | Entered Level 10 of the Dungeon
 10375 | D:10     | Noticed a hill giant
 10393 | D:10     | Killed a hill giant
 10604 | D:10     | Found Fane's Antique Armour Boutique.
 10612 | D:10     | Bought a warped chain mail for 256 gold pieces
 10622 | D:10     | Identified the +9 chain mail of Lyugesa {Dex+2} (You bought it in a shop on level 10 of the Dungeon)
 10930 | D:10     | Noticed a hill giant
 10942 | D:10     | Killed a hill giant
 10942 | D:10     | Gained mutation: Your flesh is cold resistant. (rC+) [demonic ancestry]
 10942 | D:10     | Reached XP level 11. HP: 84/86 MP: 11/11
 11146 | D:10     | Reached skill level 13 in Axes
 11483 | D:10     | Identified a scroll of acquirement
 11516 | D:10     | Received a gift from Trog
 11587 | Lair:1   | Entered Level 1 of the Lair of Beasts
 11597 | Lair:1   | Noticed Harold
 11615 | Lair:1   | Killed Harold
 11905 | Lair:1   | Noticed Prince Ribbit
 11913 | Lair:1   | Killed Prince Ribbit
 12638 | Lair:1   | Reached skill level 14 in Axes
 13033 | Lair:1   | Noticed Gastronok
 13046 | Lair:1   | Killed Gastronok
 13235 | Lair:2   | Gained mutation: A demonic guardian rushes to your aid. [demonic ancestry]
 13235 | Lair:2   | Reached XP level 12. HP: 74/96 MP: 12/12
 13307 | Lair:2   | HP: 4/96 [poisoned by a killer bee]
 13711 | Lair:2   | Found a staircase to the Snake Pit.
 14011 | Lair:2   | Reached skill level 15 in Axes
 14012 | Lair:2   | Received a gift from Trog
 14918 | Lair:3   | Found a staircase to the Swamp.
 15033 | Lair:3   | Noticed a five-headed hydra
 15043 | Lair:3   | Killed a five-headed hydra
 15556 | Lair:4   | Noticed Rupert
 15582 | Lair:4   | Killed Rupert
 15599 | Lair:4   | Noticed a four-headed hydra
 15604 | Lair:4   | Killed a four-headed hydra
 15651 | Lair:4   | Noticed Josephine
 15657 | Lair:4   | Killed Josephine
 15657 | Lair:4   | Reached skill level 10 in Fighting
 15738 | Lair:4   | Noticed Nergalle
 15751 | Lair:4   | Killed Nergalle
 15751 | Lair:4   | Reached skill level 16 in Axes
 15969 | Lair:4   | Noticed Sonja
 15976 | Lair:4   | Cast into level 1 of the Abyss (Sonja)
 15976 | Abyss:1  | Found a corrupted altar of Lugonu.
 15981 | Abyss:1  | Found a deep blue altar of Sif Muna.
 16058 | Abyss:1  | Gained mutation: You resist negative energy. (rN+) [demonic ancestry]
 16058 | Abyss:1  | Reached XP level 13. HP: 93/103 MP: 13/13
 16068 | Abyss:1  | Noticed a starcursed mass
 16080 | Abyss:1  | Paralysed by accursed screaming for 1 turns
 16221 | Abyss:1  | Noticed a tentacled starspawn
 16230 | Abyss:1  | Killed a tentacled starspawn
 16278 | Abyss:1  | Got a steaming scale mail
 16279 | Abyss:1  | Identified the +4 scale mail "Demm" {Str+7} (You found it on level 1 of the Abyss)
 16498 | Abyss:1  | Noticed a tentacled starspawn
 16508 | Abyss:1  | Killed a tentacled starspawn
 16591 | Abyss:1  | Gained mutation: You are occasionally teleported next to monsters. [a neqoxec]
 16593 | Abyss:1  | Gained mutation: Your magical capacity is low. (-10% MP) [a neqoxec]
 16628 | Abyss:1  | Found a corrupted altar of Lugonu.
 16678 | Abyss:1  | Slain by a large abomination

Skill      XL: |  1  2  3  4  5  6  7  8  9 10 11 12 13 |
---------------+----------------------------------------+-----
Axes           | 3 4 5 6 7 9 11 12 14 16 | 16.4
Armour         | 2 3 5 6 7 8 |  8.4
Fighting       | 4 6 8 9 10 11 | 11.1
Dodging        | |  1.7

Action                   |  1- 3 |  4- 6 |  7- 9 | 10-12 | 13-15 || total
-------------------------+-------+-------+-------+-------+-------++-------
Melee: Hand axe          |   157 |   243 |   669 |   585 |       ||  1654
       Battleaxe         |       |       |       |   355 |   120 ||   475
       Flail             |       |       |       |     8 |       ||     8
Invok: Berserk           |     1 |     2 |     7 |    11 |       ||    21
       Trog's Hand       |       |     1 |     1 |     6 |     8 ||    16
  Use: Scroll            |       |       |    22 |     9 |     1 ||    32
       Potion            |       |       |     1 |     3 |       ||     4
 Stab: Distracted        |       |       |       |     9 |       ||     9
  Eat: Bread ration      |     1 |       |       |       |       ||     1
       Chunk             |       |     7 |    15 |    32 |       ||    54
       Meat ration       |       |       |     1 |     1 |       ||     2
       Royal jelly       |       |       |       |     5 |       ||     5
Armor: Plate armour      |    93 |   148 |   472 |   239 |       ||   952
       Animal skin       |     1 |       |       |       |       ||     1
       Chain mail        |       |       |       |   329 |    99 ||   428
Dodge: Dodged            |    45 |    64 |   226 |   332 |    51 ||   718
